[Event "GER-ch Youth-U12 2022"]
[Site "Willingen"]
[Date "2022.06.08"]
[Round "5.24"]
[White "Haertel, Leon"]
[Black "Gavrylyuk, Oleksandr"]
[Result "0-1"]
[ECO "D51"]
[WhiteElo "1536"]
[BlackElo "1272"]
[Annotator "NA RC COMBH"]
[PlyCount "86"]
[EventDate "2022.06.05"]
[EventType "swiss"]
[EventRounds "9"]
[EventCountry "GER"]
[SourceTitle "playchess.com"]
[Source "ChessBase"]
[SourceQuality "1"]
[TimeControl "40/4500+30:900+30"]

1. d4 d5 2. c4 c6 3. Nc3 e6 4. a3 Nf6 5. Bg5 Nbd7 6. e3 Be7 7. Nf3 a6 8. c5 h6 9. Bh4 b6 10. cxb6 Nxb6 11. Bd3 O-O 12. O-O Nfd7 13. Bg3 c5 14. Re1 Bf6 15. Qe2 Bb7 16. Rad1 Re8 17. Bc2 e5 18. dxe5 Nxe5 19. Nxe5 Bxe5 20. Bxe5 Rxe5 21. Qd3 g6 22. Ne2 Nc4 23. Qc3 Qe7 24. Bb3 Nb6 25. Ng3 Re8 26. Rc1 d4 27. Qd3 dxe3 28. Qxg6+ Kh8 29. Qxh6+ Kg8 30. f3 Rg5 31. Rc3 c4 32. Rcxe3 Qc5 33. Qxg5+ Qxg5 34. Rxe8+ Kg7 35. Bc2 Nd5 36. Nf5+ Kf6 37. Rh8 Nf4 38. Ng3 Qc5+ 39. Kh1 Qf2 40. Rh6+ Kg5 41. Re5+ Kxh6 42. Nf5+ Kh7 43. Ne7+ Qxc2 0-1

[Event "GER-ch Youth-U12 2022"]
[Site "Willingen"]
[Date "2022.06.08"]
[Round "5.25"]
[White "Prashanthakumar, Arju"]
[Black "Dell, Philip"]
[Result "1/2-1/2"]
[ECO "A37"]
[WhiteElo "1265"]
[BlackElo "1457"]
[Annotator "NA RC COMBH"]
[PlyCount "46"]
[EventDate "2022.06.05"]
[EventType "swiss"]
[EventRounds "9"]
[EventCountry "GER"]
[SourceTitle "playchess.com"]
[Source "ChessBase"]
[SourceQuality "1"]
[TimeControl "40/4500+30:900+30"]

1. c4 c5 2. Nc3 g6 3. g3 Bg7 4. Nf3 Nc6 5. Bg2 e6 6. e3 Nge7 7. O-O d5 8. cxd5 Nxd5 9. Nxd5 exd5 10. d4 cxd4 11. exd4 O-O 12. Be3 Be6 13. Qd2 Re8 14. Rac1 Qd7 15. Rfe1 Rac8 16. Bh6 Bh3 17. Bxg7 Bxg2 18. Kxg2 Kxg7 19. Ne5 Nxe5 20. Rxc8 Qxc8 21. dxe5 Qc4 22. b3 Qc6 23. Qd4 Re6 1/2-1/2

[Event "GER-ch Youth-U12 2022"]
[Site "Willingen"]
[Date "2022.06.08"]
[Round "5.27"]
[White "Fettig, Michel"]
[Black "Pham, Jacky"]
[Result "1-0"]
[ECO "C05"]
[WhiteElo "1407"]
[BlackElo "1189"]
[Annotator "NA RC COMBH"]
[PlyCount "51"]
[EventDate "2022.06.05"]
[EventType "swiss"]
[EventRounds "9"]
[EventCountry "GER"]
[SourceTitle "playchess.com"]
[Source "ChessBase"]
[SourceQuality "1"]
[TimeControl "40/4500+30:900+30"]

1. e4 e6 2. d4 d5 3. Nd2 Nf6 4. e5 Nfd7 5. f4 c5 6. c3 Nc6 7. Ndf3 Qb6 8. a3 a5 9. b3 f6 10. Bd3 cxd4 11. cxd4 Nxd4 12. Nxd4 Bc5 13. Bb2 fxe5 14. fxe5 g6 15. Ngf3 O-O 16. Bc2 a4 17. b4 Be7 18. O-O Qc7 19. Nxe6 Qb6+ 20. Ned4 Qc7 21. Qe2 Nb8 22. Nd2 Re8 23. Qf3 Bg5 24. Qxd5+ Kh8 25. e6 Bxd2 26. Nb5+ 1-0

[Event "GER-ch Youth-U12 2022"]
[Site "Willingen"]
[Date "2022.06.08"]
[Round "6.1"]
[White "Dordevic, Tom"]
[Black "Stichter, Constantin Paul"]
[Result "0-1"]
[ECO "E03"]
[WhiteElo "1771"]
[BlackElo "1472"]
[Annotator "NA RC COMBH"]
[PlyCount "106"]
[EventDate "2022.06.05"]
[EventType "swiss"]
[EventRounds "9"]
[EventCountry "GER"]
[SourceTitle "playchess.com"]
[Source "ChessBase"]
[SourceQuality "1"]
[TimeControl "40/4500+30:900+30"]

1. Nf3 d5 2. g3 Nd7 3. d4 Ngf6 4. c4 dxc4 5. Qa4 e6 6. Bg2 a6 7. Qxc4 b5 8. Qc2 Bb7 9. O-O c5 10. Bg5 Rc8 11. Qd2 Be7 12. Bxf6 Bxf6 13. e3 O-O 14. Rd1 cxd4 15. Nxd4 Bxg2 16. Kxg2 Ne5 17. Qe2 Qb6 18. Nd2 Nc4 19. Nxc4 Rxc4 20. Nf3 Rfc8 21. Rd2 Qc6 22. Rad1 Qe4 23. Rd3 h6 24. R1d2 Rc1 25. b3 a5 26. Rd1 g5 27. h3 h5 28. Kh2 R8c2 29. R3d2 g4 30. Ng1 b4 31. h4 Rxd2 32. Qxd2 Rc2 33. Qe1 Bc3 34. Qf1 Rxa2 35. Qg2 Qxg2+ 36. Kxg2 Rb2 37. Rd8+ Kg7 38. Ra8 Be1 39. Ne2 Rxe2 40. Kf1 Rxf2+ 41. Kxe1 Rb2 42. Rxa5 Rxb3 43. Rxh5 Rxe3+ 44. Kf2 Rf3+ 45. Kg2 f5 46. Rg5+ Kh7 47. Rh5+ Kg7 48. Rg5+ Kf7 49. Rh5 b3 50. Rh7+ Kg6 51. Rb7 e5 52. Rb6+ Kh5 53. Rb8 Rc3 0-1

[Event "GER-ch Youth-U12 2022"]
[Site "Willingen"]
[Date "2022.06.08"]
[Round "6.2"]
[White "Lu, Yunong Elias"]
[Black "Nechitailo, Nikita"]
[Result "1/2-1/2"]
[ECO "B31"]
[WhiteElo "1671"]
[BlackElo "1371"]
[Annotator "NA RC COMBH"]
[PlyCount "120"]
[EventDate "2022.06.05"]
[EventType "swiss"]
[EventRounds "9"]
[EventCountry "GER"]
[SourceTitle "playchess.com"]
[Source "ChessBase"]
[SourceQuality "1"]
[TimeControl "40/4500+30:900+30"]

1. e4 c5 2. Nf3 Nc6 3. Bb5 g6 4. Bxc6 dxc6 5. d3 Bg7 6. h3 e5 7. Nbd2 Qc7 8. a4 Nf6 9. Nc4 Nd7 10. Be3 b6 11. b3 Nf8 12. Qd2 Ne6 13. O-O Nd4 14. Bxd4 cxd4 15. Nh2 Be6 16. c3 Bxc4 17. bxc4 dxc3 18. Qxc3 O-O 19. a5 Qd6 20. axb6 axb6 21. Rfb1 Rxa1 22. Rxa1 Rd8 23. Ra3 Bf8 24. Rb3 Qc7 25. Ng4 Rd4 26. Kh2 Bc5 27. Qd2 Qd6 28. Qg5 Qe6 29. g3 Rd6 30. Kg2 f6 31. Qc1 h5 32. Nh2 Kh7 33. Nf3 Rd7 34. Qa1 b5 35. Rc3 Ra7 36. Qb1 b4 37. Rb3 Qd7 38. Qb2 Ra5 39. Qb1 Qa7 40. Rb2 Ra1 41. Qc2 Qa4 42. Qxa4 Rxa4 43. Kf1 Kg7 44. Ke2 g5 45. g4 h4 46. Nd2 Bd4 47. Rb1 Ra2 48. Rd1 Bc3 49. Ke3 Bxd2+ 50. Rxd2 Rxd2 51. Kxd2 c5 52. Kc2 Kf7 53. Kb3 Ke6 54. Kb2 Kd6 55. Kb3 Kc6 56. Kb2 Kb6 57. Kb3 Ka5 58. f3 Kb6 59. Kb2 Ka5 60. Kb3 Kb6 1/2-1/2

[Event "GER-ch Youth-U12 2022"]
[Site "Willingen"]
[Date "2022.06.08"]
[Round "6.3"]
[White "Blodig, Vincent"]
[Black "Korchynskyi, Mykola"]
[Result "0-1"]
[ECO "C02"]
[WhiteElo "1461"]
[BlackElo "1723"]
[Annotator "NA RC COMBH"]
[PlyCount "76"]
[EventDate "2022.06.05"]
[EventType "swiss"]
[EventRounds "9"]
[EventCountry "GER"]
[SourceTitle "playchess.com"]
[Source "ChessBase"]
[SourceQuality "1"]
[TimeControl "40/4500+30:900+30"]

1. e4 e6 2. d4 d5 3. e5 c5 4. c3 Nc6 5. Nf3 Qb6 6. a3 Nh6 7. b4 cxd4 8. cxd4 Nf5 9. Be3 f6 10. exf6 gxf6 11. Bd3 Nxe3 12. fxe3 Bh6 13. Qe2 O-O 14. Nc3 Bd7 15. O-O Rf7 16. Na4 Qc7 17. Rac1 Qd6 18. Nc5 Raf8 19. Nh4 Bc8 20. Rf3 Nxd4 21. exd4 Bxc1 22. Rh3 Rg7 23. Qh5 Qf4 24. Nf3 h6 25. Kh1 e5 26. Rh4 Bg4 27. Rxg4 Qxg4 28. Qxg4 Rxg4 29. Ne6 e4 30. Nxf8 exd3 31. Nd7 d2 32. Nxf6+ Kg7 33. Nxd2 Rxd4 34. Nh5+ Kg6 35. Nf1 Kxh5 36. h3 Rd1 37. g4+ Kh4 38. Kg2 Rxf1 0-1

[Event "GER-ch Youth-U12 2022"]
[Site "Willingen"]
[Date "2022.06.08"]
[Round "6.4"]
[White "Buchinger, Alexis"]
[Black "Freude, Paul"]
[Result "1-0"]
[ECO "B90"]
[WhiteElo "1676"]
[BlackElo "1415"]
[Annotator "NA RC COMBH"]
[PlyCount "81"]
[EventDate "2022.06.05"]
[EventType "swiss"]
[EventRounds "9"]
[EventCountry "GER"]
[SourceTitle "playchess.com"]
[Source "ChessBase"]
[SourceQuality "1"]
[TimeControl "40/4500+30:900+30"]

1. e4 c5 2. Nf3 d6 3. d4 cxd4 4. Nxd4 Nf6 5. Nc3 a6 6. Bc4 e5 7. Nb3 b5 8. Bd5 Nxd5 9. Nxd5 Bb7 10. Be3 Nd7 11. Qd2 Bxd5 12. Qxd5 Rc8 13. c3 Nb6 14. Qb7 Nc4 15. Qxa6 Nxb2 16. Qxb5+ Qd7 17. Qxd7+ Kxd7 18. Bd2 Na4 19. Rc1 Nc5 20. Nxc5+ dxc5 21. Rb1 Ra8 22. Rb2 c4 23. Ke2 Bd6 24. Rhb1 Ra3 25. g3 Rha8 26. Rb7+ Ke6 27. R1b6 R3a6 28. Rxa6 Rxa6 29. Rb2 Kd7 30. Be3 h6 31. f4 Kc6 32. Kf3 Ra3 33. Rc2 exf4 34. gxf4 g6 35. Bd4 Ra5 36. Rb2 Rb5 37. Rxb5 Kxb5 38. e5 Be7 39. Ke4 Ka4 40. Kd5 Ka3 41. Bc5+ 1-0

[Event "GER-ch Youth-U12 2022"]
[Site "Willingen"]
[Date "2022.06.08"]
[Round "6.5"]
[White "Nemitz, Alfred"]
[Black "Neuhoff, Laertes"]
[Result "1/2-1/2"]
[ECO "D31"]
[WhiteElo "1611"]
[BlackElo "1990"]
[Annotator "TA"]
[PlyCount "44"]
[EventDate "2022.06.05"]
[EventType "swiss"]
[EventRounds "9"]
[EventCountry "GER"]
[SourceTitle "playchess.com"]
[Source "ChessBase"]
[SourceQuality "1"]
[TimeControl "40/4500+30:900+30"]

1. d4 d5 2. c4 e6 3. Nc3 c6 4. Nf3 dxc4 5. a4 Bb4 6. e4 b5 7. Bd2 a5 8. axb5 Bxc3 9. Bxc3 cxb5 10. b3 Nf6 {[%emt 0:00:58] D31: Queen's Gambit Declined: Semi-Slav without ...Nf6 (+ Marshall Gambit and Noteboom) and Exchange Variation lines without ...Nf6.} 11. Nd2 ({Better is} 11. Bb2 $15) 11... Nc6 {[%emt 0:07:28] [#]} (11... Bb7 12. bxc4 b4) (11... Bb7 $1 $17 {And now ...b4 would win.} 12. bxc4 b4) 12. bxc4 $146 ({Predecessor:} 12. d5 exd5 13. Bxf6 Qxf6 14. exd5 Nd4 15. Rc1 O-O 16. f3 Re8+ 17. Kf2 cxb3 18. Nxb3 Nxb3 19. Qxb3 Qd4+ {0-1 (19) Forbes,G-McLaren,B Vancouver 1987}) 12... b4 {[%emt 0:01:13] The position is equal.} 13. Bb2 Nxd4 (13... O-O $1 $11) 14. e5 $14 Ng8 15. Ne4 $36 {[%emt 0:05:15][%mdl 2048] White fights for an advantage.} Nf5 16. g4 Bb7 (16... Qxd1+ $1 $11 17. Rxd1 Bb7) 17. Bg2 {[%emt 0:01:23] White is more active.} (17. Bd3 $1 $16 Kf8 18. gxf5 exf5 19. Ng3 Bxh1 20. Nxh1) 17... Qxd1+ $11 18. Rxd1 {[%emt 0:00:16] [#]} Ke7 $1 19. gxf5 $18 exf5 {[%emt 0:00:10] [#]} 20. Nd6 Bxg2 {[%emt 0:00:24] [#]} 21. Nxf5+ (21. Rg1 $1 $18 {is the precise move to win.} Bf3 22. Nxf5+ Kf8 {[#]} 23. e6 $1) 21... Kf8 $16 {[%emt 0:04:58] White must now prevent ...Be4.} 22. Rg1 {[%emt 0:01:38][%mdl 1024] White has strong compensation.} Bh3 {[%emt 0:21:20] Weighted Error Value: White=0.39/Black=0.82} 1/2-1/2

[Event "GER-ch Youth-U12 2022"]
[Site "Willingen"]
[Date "2022.06.08"]
[Round "6.6"]
[White "Gloeckler, Christian"]
[Black "Herrmann, Arthur"]
[Result "1-0"]
[ECO "B18"]
[WhiteElo "1869"]
[BlackElo "1507"]
[Annotator "NA RC COMBH"]
[PlyCount "57"]
[EventDate "2022.06.05"]
[EventType "swiss"]
[EventRounds "9"]
[EventCountry "GER"]
[SourceTitle "playchess.com"]
[Source "ChessBase"]
[SourceQuality "1"]
[TimeControl "40/4500+30:900+30"]

1. e4 c6 2. d4 d5 3. Nd2 dxe4 4. Nxe4 Bf5 5. Ng3 Bg6 6. Nh3 h6 7. Nf4 Bh7 8. Bc4 e6 9. O-O Bd6 10. Ngh5 Bxf4 11. Bxf4 Kf8 12. Be5 Nf6 13. Nxf6 gxf6 14. Bf4 Bg6 15. c3 Nd7 16. Bd3 Kg7 17. Re1 Re8 18. Qd2 h5 19. Rad1 Rc8 20. Qc2 Qb6 21. Bc1 c5 22. Qd2 Rh8 23. Bxg6 fxg6 24. dxc5 Nxc5 25. b4 Rcd8 26. bxc5 Qxc5 27. Qe3 Rxd1 28. Rxd1 Qe7 29. Qd2 1-0

[Event "GER-ch Youth-U12 2022"]
[Site "Willingen"]
[Date "2022.06.08"]
[Round "6.7"]
[White "Zhuikov, Edgard"]
[Black "Aniol, Nico"]
[Result "1/2-1/2"]
[ECO "B14"]
[WhiteElo "1892"]
[BlackElo "1494"]
[Annotator "NA RC COMBH"]
[PlyCount "102"]
[EventDate "2022.06.05"]
[EventType "swiss"]
[EventRounds "9"]
[EventCountry "GER"]
[SourceTitle "playchess.com"]
[Source "ChessBase"]
[SourceQuality "1"]
[TimeControl "40/4500+30:900+30"]

1. e4 c6 2. c4 d5 3. cxd5 cxd5 4. exd5 Nf6 5. Nc3 Nxd5 6. Bc4 Nb6 7. Bb3 Nc6 8. Nf3 g6 9. d4 Bg7 10. Be3 O-O 11. h3 Na5 12. Bc2 Nac4 13. Rb1 Bd7 14. O-O Bc6 15. Qe2 Rc8 16. Bd3 Bxf3 17. Qxf3 Bxd4 18. Bxd4 Qxd4 19. Bxc4 Nxc4 20. Qxb7 Qb6 21. Qxb6 axb6 22. Nd5 Rfe8 23. Rfe1 Kf8 24. b3 Na3 25. Rbc1 Rxc1 26. Rxc1 b5 27. Rd1 Rd8 28. Ne3 Rxd1+ 29. Nxd1 Nc2 30. a4 bxa4 31. bxa4 Ke8 32. Kf1 Nd4 33. Ke1 Kd7 34. Kd2 Kc6 35. Kd3 Ne6 36. Kc4 Nf4 37. Ne3 e6 38. h4 h6 39. g3 Nh3 40. Ng4 Kb6 41. Nxh6 Nxf2 42. Nxf7 Ne4 43. g4 Ka5 44. h5 gxh5 45. gxh5 Kxa4 46. h6 Nf6 47. Kd4 Kb5 48. Nd6+ Kc6 49. Ne4 e5+ 50. Kd3 Nh7 51. Nc3 Kd6 1/2-1/2

[Event "GER-ch Youth-U12 2022"]
[Site "Willingen"]
[Date "2022.06.08"]
[Round "6.8"]
[White "Malinowsky, Levi"]
[Black "Kulkovets, Roman"]
[Result "1-0"]
[ECO "B11"]
[WhiteElo "1816"]
[BlackElo "1099"]
[Annotator "NA RC COMBH"]
[PlyCount "63"]
[EventDate "2022.06.05"]
[EventType "swiss"]
[EventRounds "9"]
[EventCountry "GER"]
[SourceTitle "playchess.com"]
[Source "ChessBase"]
[SourceQuality "1"]
[TimeControl "40/4500+30:900+30"]

1. e4 c6 2. Nc3 d5 3. Nf3 dxe4 4. Nxe4 Nf6 5. Qe2 Nxe4 6. Qxe4 Nd7 7. Bc4 Nf6 8. Ne5 e6 9. Qe2 Bd6 10. d4 h6 11. Bf4 a6 12. c3 b5 13. Bd3 Qc7 14. h4 Bb7 15. a4 O-O-O 16. Bg3 Nd5 17. O-O g5 18. axb5 cxb5 19. c4 Nb4 20. cxb5 Nxd3 21. Nxd3 Kb8 22. Rfc1 Qb6 23. Bxd6+ Rxd6 24. Rc5 f6 25. bxa6 Bxa6 26. Rca5 Qb7 27. Qc2 Bxd3 28. Qxd3 Rd5 29. Rxd5 Qxd5 30. Qa6 Qb7 31. Qd6+ Kc8 32. Rc1+ 1-0

[Event "GER-ch Youth-U12 2022"]
[Site "Willingen"]
[Date "2022.06.08"]
[Round "6.9"]
[White "Schuricht, Emil Frederick"]
[Black "Mandalka, Justus"]
[Result "1-0"]
[ECO "D34"]
[WhiteElo "1641"]
[BlackElo "1402"]
[Annotator "NA RC COMBH"]
[PlyCount "115"]
[EventDate "2022.06.05"]
[EventType "swiss"]
[EventRounds "9"]
[EventCountry "GER"]
[SourceTitle "playchess.com"]
[Source "ChessBase"]
[SourceQuality "1"]
[TimeControl "40/4500+30:900+30"]

1. d4 d5 2. c4 e6 3. Nc3 c5 4. cxd5 exd5 5. Nf3 Nc6 6. g3 Nf6 7. Bg2 Be7 8. Bg5 cxd4 9. Nxd4 h6 10. Be3 O-O 11. O-O Re8 12. Rc1 Bf8 13. Nxc6 bxc6 14. Na4 Bd7 15. Bc5 Bxc5 16. Nxc5 Bg4 17. Re1 Rb8 18. h3 Bh5 19. Qd2 Qb6 20. Rc2 Bg6 21. Nd3 Ne4 22. Qc1 Rbc8 23. Nc5 Nxc5 24. Rxc5 Qa6 25. e3 Qxa2 26. Bxd5 Qa6 27. Rxc6 Rxc6 28. Qxc6 Qxc6 29. Bxc6 Rc8 30. Bf3 Rc2 31. Re2 Rc5 32. b3 Bf5 33. Ra2 a5 34. Kg2 Be6 35. Bd1 f6 36. e4 Kf7 37. f4 Rb5 38. Ra3 Ke7 39. Kf3 Rc5 40. Ke3 Bxh3 41. Kd4 Rb5 42. Be2 Rb4+ 43. Bc4 Be6 44. Rxa5 Bxc4 45. bxc4 Rb1 46. Kd5 Rd1+ 47. Kc6 Rd4 48. c5 Rxe4 49. Ra7+ Kf8 50. Kd5 Re1 51. c6 Rc1 52. c7 Ke8 53. Kd6 Rd1+ 54. Kc6 Rc1+ 55. Kb7 Rb1+ 56. Kc8 Rb4 57. Rb7 Rc4 58. Kb8 1-0

[Event "GER-ch Youth-U12 2022"]
[Site "Willingen"]
[Date "2022.06.08"]
[Round "6.10"]
[White "Martin Fernandez, Rafael"]
[Black "Polzin, Gustav"]
[Result "0-1"]
[ECO "A05"]
[WhiteElo "1678"]
[BlackElo "1643"]
[Annotator "NA RC COMBH"]
[PlyCount "56"]
[EventDate "2022.06.05"]
[EventType "swiss"]
[EventRounds "9"]
[EventCountry "GER"]
[SourceTitle "playchess.com"]
[Source "ChessBase"]
[SourceQuality "1"]
[TimeControl "40/4500+30:900+30"]

1. b3 b6 2. Bb2 Bb7 3. e3 Nf6 4. Nf3 d6 5. c4 e5 6. d4 e4 7. Nfd2 Be7 8. Nc3 O-O 9. d5 Nbd7 10. Ndxe4 Nxe4 11. Nxe4 f5 12. Nd2 f4 13. exf4 Rxf4 14. g3 Rf7 15. Bh3 Nc5 16. Qc2 Bf6 17. O-O Bc8 18. Bxf6 Qxf6 19. Bxc8 Rxc8 20. Rfe1 Qxf2+ 21. Kh1 Qd4 22. Rf1 Rcf8 23. Rae1 Rf2 24. Rxf2 Rxf2 25. Rd1 Qe3 26. Qc1 Ne4 27. Re1 Nxg3+ 28. Kg1 Re2# 0-1

[Event "GER-ch Youth-U12 2022"]
[Site "Willingen"]
[Date "2022.06.08"]
[Round "6.11"]
[White "Wartenberg, Alexander"]
[Black "Riechenberg, Sebastian"]
[Result "1-0"]
[ECO "C47"]
[WhiteElo "1682"]
[BlackElo "1668"]
[Annotator "NA RC COMBH"]
[PlyCount "95"]
[EventDate "2022.06.05"]
[EventType "swiss"]
[EventRounds "9"]
[EventCountry "GER"]
[SourceTitle "playchess.com"]
[Source "ChessBase"]
[SourceQuality "1"]
[TimeControl "40/4500+30:900+30"]

1. e4 e5 2. Nf3 Nc6 3. d4 exd4 4. Nxd4 Nf6 5. Nc3 Bb4 6. Nxc6 bxc6 7. Bd3 d5 8. exd5 cxd5 9. O-O O-O 10. Bg5 c6 11. Qf3 h6 12. Bxf6 Qxf6 13. Qxf6 gxf6 14. Ne2 Rb8 15. Nd4 Bc5 16. Nxc6 Rxb2 17. Rfb1 Rb6 18. Rxb6 axb6 19. c3 Be6 20. Nd4 Rc8 21. a4 Bd6 22. Rc1 Be5 23. Ne2 Bd7 24. Bc2 Ra8 25. Ra1 b5 26. a5 b4 27. f4 Bxc3 28. Nxc3 bxc3 29. Kf2 d4 30. Bd3 Bc6 31. g3 Kf8 32. Ke2 Ke7 33. a6 Kd6 34. Ra5 Re8+ 35. Kd1 Kc7 36. Rf5 Be4 37. Bxe4 Rxe4 38. Rxf6 d3 39. Rxf7+ Kb8 40. a7+ Ka8 41. Rc7 Re2 42. Rxc3 Kxa7 43. h4 Re3 44. g4 Re4 45. Rc7+ Kb8 46. Rf7 Kc8 47. Kd2 Rd4 48. g5 1-0

[Event "GER-ch Youth-U12 2022"]
[Site "Willingen"]
[Date "2022.06.08"]
[Round "6.12"]
[White "Sydykov Bayastan"]
[Black "Albrecht, Neil"]
[Result "1-0"]
[ECO "C68"]
[WhiteElo "1477"]
[BlackElo "1376"]
[Annotator "NA RC COMBH"]
[PlyCount "67"]
[EventDate "2022.06.05"]
[EventType "swiss"]
[EventRounds "9"]
[EventCountry "GER"]
[SourceTitle "playchess.com"]
[Source "ChessBase"]
[SourceQuality "1"]
[TimeControl "40/4500+30:900+30"]

1. e4 e5 2. Nf3 Nc6 3. Bb5 a6 4. Bxc6 dxc6 5. O-O Bg4 6. h3 h5 7. d3 Qf6 8. Be3 Bxf3 9. Qxf3 Qxf3 10. gxf3 O-O-O 11. f4 exf4 12. Bxf4 f6 13. Nd2 g5 14. Be3 Bd6 15. f3 Ne7 16. Nc4 Rdg8 17. Nxd6+ cxd6 18. Rf2 g4 19. fxg4 hxg4 20. hxg4 Rxg4+ 21. Rg2 Rxg2+ 22. Kxg2 f5 23. exf5 Nxf5 24. Bf2 Kd7 25. a4 Re8 26. Kf3 Re6 27. Rg1 Ne7 28. Rg7 Rg6 29. Rh7 Rf6+ 30. Ke2 Ke6 31. Rh8 Kd7 32. Bb6 Re6+ 33. Kd2 Nc8 34. Rd8+ 1-0

[Event "GER-ch Youth-U12 2022"]
[Site "Willingen"]
[Date "2022.06.08"]
[Round "6.13"]
[White "Pimenov, Danil"]
[Black "Skembris, Simon Max"]
[Result "1/2-1/2"]
[ECO "B33"]
[WhiteElo "1337"]
[BlackElo "1413"]
[Annotator "NA RC COMBH"]
[PlyCount "123"]
[EventDate "2022.06.05"]
[EventType "swiss"]
[EventRounds "9"]
[EventCountry "GER"]
[SourceTitle "playchess.com"]
[Source "ChessBase"]
[SourceQuality "1"]
[TimeControl "40/4500+30:900+30"]

1. e4 c5 2. Nf3 Nc6 3. d4 cxd4 4. Nxd4 Qb6 5. Nb3 Nf6 6. Nc3 e6 7. Be3 Qc7 8. Be2 Bb4 9. f3 d5 10. Qd3 dxe4 11. fxe4 O-O 12. O-O Ne5 13. Qb5 Bxc3 14. bxc3 Bd7 15. Qb4 Bc6 16. Bd3 Nfg4 17. Bf4 a5 18. Qc5 b6 19. Bxe5 Qxe5 20. Qxe5 Nxe5 21. Nd4 Rfd8 22. Rab1 Rab8 23. Nxc6 Nxc6 24. Kf2 Ne5 25. Ke3 g6 26. Rb5 Nd7 27. g4 Rdc8 28. c4 Rc5 29. Rfb1 Rbc8 30. Rxc5 Rxc5 31. Rb5 Rxb5 32. cxb5 f6 33. Bc4 Kf7 34. h4 Ne5 35. Be2 Ke7 36. Kd4 Kd6 37. c3 Nd7 38. a3 e5+ 39. Ke3 Kc5 40. a4 Nf8 41. Bf1 Ne6 42. Be2 Nc7 43. Kd3 Ne8 44. Bd1 Nd6 45. Bb3 g5 46. h5 h6 47. Bd5 Ne8 48. Bc6 Nc7 49. Kc2 Ne6 50. Bd5 Nf4 51. Bb3 Nh3 52. Be6 Nf4 53. Bb3 Kd6 54. Kd2 Nh3 55. Ke3 Kc5 56. Be6 Nf4 57. Bb3 Kd6 58. Kd2 Ne6 59. Bxe6 Kxe6 60. Kd3 Kd7 61. Ke3 Kd6 62. Ke2 1/2-1/2

[Event "GER-ch Youth-U12 2022"]
[Site "Willingen"]
[Date "2022.06.08"]
[Round "6.14"]
[White "Seth, Aakrit"]
[Black "Büchel, David"]
[Result "1-0"]
[ECO "E61"]
[WhiteElo "1435"]
[BlackElo "1527"]
[Annotator "NA RC COMBH"]
[PlyCount "69"]
[EventDate "2022.06.05"]
[EventType "swiss"]
[EventRounds "9"]
[EventCountry "GER"]
[SourceTitle "playchess.com"]
[Source "ChessBase"]
[SourceQuality "1"]
[TimeControl "40/4500+30:900+30"]

1. d4 Nf6 2. Bf4 g6 3. e3 Bg7 4. Nf3 O-O 5. h3 d6 6. c4 Nbd7 7. Nc3 Re8 8. Be2 b6 9. O-O Bb7 10. Qc2 e5 11. dxe5 dxe5 12. Bh2 h6 13. Rfd1 Qe7 14. Rd2 Nh7 15. Rad1 Ndf8 16. Nd5 Bxd5 17. cxd5 Qd7 18. Qb3 a6 19. a4 Kh8 20. d6 c6 21. Qxb6 Reb8 22. Qc7 Qe6 23. d7 Rd8 24. Rd6 Qf5 25. Bxa6 Ne6 26. Qxc6 e4 27. R1d5 Qf6 28. Nd4 Nhf8 29. Be5 Qe7 30. Bxg7+ Nxg7 31. Bc8 Rb8 32. b3 Nf5 33. Nxf5 gxf5 34. b4 Rxb4 35. Qc3+ 1-0

[Event "GER-ch Youth-U12 2022"]
[Site "Willingen"]
[Date "2022.06.08"]
[Round "6.15"]
[White "Uyar, Levin"]
[Black "Bangert, Jonas"]
[Result "0-1"]
[ECO "B27"]
[WhiteElo "1306"]
[BlackElo "1483"]
[Annotator "NA RC COMBH"]
[PlyCount "58"]
[EventDate "2022.06.05"]
[EventType "swiss"]
[EventRounds "9"]
[EventCountry "GER"]
[SourceTitle "playchess.com"]
[Source "ChessBase"]
[SourceQuality "1"]
[TimeControl "40/4500+30:900+30"]

1. e4 c5 2. Nf3 g6 3. d4 cxd4 4. Nxd4 Nf6 5. Nc3 Bg7 6. e5 Ng8 7. Bf4 f6 8. Qe2 Nc6 9. Nxc6 bxc6 10. exf6 Nxf6 11. g3 O-O 12. Bg2 Qb6 13. Rb1 Ba6 14. Qe3 e5 15. Qxb6 axb6 16. Be3 Rab8 17. Na4 d5 18. Bxb6 Bb5 19. Bc5 Bxa4 20. Bxf8 Bxf8 21. b3 Bb4+ 22. Kd1 Bc3 23. Rc1 Bb5 24. Bf1 e4 25. a4 Bxf1 26. Rxf1 Ng4 27. h3 Ne5 28. Ke2 Nf3 29. Rcd1 Nd4+ 0-1

[Event "GER-ch Youth-U12 2022"]
[Site "Willingen"]
[Date "2022.06.08"]
[Round "6.16"]
[White "Wylie, Leonard"]
[Black "Wang, Arthur D"]
[Result "0-1"]
[ECO "C24"]
[WhiteElo "1733"]
[BlackElo "2090"]
[Annotator "TA"]
[PlyCount "118"]
[EventDate "2022.06.05"]
[EventType "swiss"]
[EventRounds "9"]
[EventCountry "GER"]
[SourceTitle "playchess.com"]
[Source "ChessBase"]
[SourceQuality "1"]
[TimeControl "40/4500+30:900+30"]

1. e4 e5 2. d4 exd4 3. Bc4 Nf6 4. Nf3 Bc5 5. O-O d6 6. e5 {[%emt 0:00:00] C24: Bishop's Opening: 2...Nf6.} dxe5 7. Nxe5 O-O 8. c3 {[%emt 0:00:00] [#] Black is slightly better.} Be6 $146 ({Predecessor:} 8... Nc6 9. Nxc6 bxc6 10. Qf3 Qe8 11. Bg5 Bg4 12. Qxc6 Qxc6 {0-1 (12) Corral Aragon,J (1809)-Rueda Maria,R (1905) Madrid 2015}) 9. Bxe6 fxe6 10. Qb3 Qd5 11. Qxd5 Nxd5 12. cxd4 Bxd4 13. Nf3 Bf6 {[%emt 0:00:34] 0x0.001aa10d67d7dp-1022s more active pieces.} 14. Re1 Re8 15. Ng5 {[%emt 0:00:18] [#]} (15. Nbd2 $17) 15... Bxg5 $2 (15... Nb4 16. Na3 Nd3 17. Rxe6 Na6) (15... Nb4 $1 $19 {[%cal Rb4c2] aiming for ...Nc2.} 16. Na3 Nd3 17. Rxe6 Na6) 16. Bxg5 $15 Nc6 17. Nc3 Nxc3 18. bxc3 h6 19. Bf4 e5 20. Be3 (20. Bg3 $142) 20... Rad8 $17 21. Rab1 b6 22. c4 Nd4 23. a4 Nc2 24. Rf1 (24. Rec1 $17 Nxe3 25. fxe3) 24... Nxe3 25. fxe3 $19 {[%emt 0:00:14][%mdl 4096] Endgame KRR-KRR} Rd3 26. a5 (26. Rfd1 $17 {was worth a try.} Red8 27. Rxd3 Rxd3 28. c5) 26... Rxe3 ({And not} 26... bxa5 27. Rb7 $17) 27. axb6 axb6 28. c5 bxc5 29. Rbc1 Rd8 30. Kf2 (30. Rc2 $142) 30... Ra3 31. Rxc5 $2 (31. Rfe1 {was called for.}) 31... Rd2+ 32. Ke1 Rxg2 33. Kd1 Rxh2 {[%emt 0:00:26] [#] ( -> ...Raa2)} 34. Rxc7 Ra1+ 35. Rc1 Rxc1+ 36. Kxc1 {[%emt 0:00:06] KR-KR} g5 37. Re1 g4 38. Re4 h5 39. Rxe5 Kf7 40. Kd1 Kf6 41. Rd5 h4 42. Ke1 g3 43. Kf1 h3 44. Kg1 Ra2 45. Rd1 Kf5 46. Kh1 Kf4 47. Rb1 Re2 48. Ra1 Kf3 49. Rb1 Ke3 50. Rc1 Kd2 51. Ra1 Re1+ 52. Rxe1 Kxe1 {[%emt 0:00:06] KP-KP} 53. Kg1 Ke2 54. Kh1 Kf3 55. Kg1 g2 56. Kh2 Kf2 {[%emt 0:00:13] Black mates.} 57. Kxh3 g1=Q 58. Kh4 Qg6 59. Kh3 Qh5# {[%emt 0:00:07] Weighted Error Value: White=0.82/Black=0.14 (very precise)} 0-1